 Dungeon Crawl Stone Soup version 0.17-a0-1636-g3119f2b (webtiles) character file.

144 karlkraus the Sneak (level 5, -4/37 HPs)
             Began as an Octopode Monk on Aug 6, 2015.
             Slain by a gnoll
             ... wielding a +0 spear
              (6 damage)
             ... on level 2 of the Dungeon.
             The game lasted 00:04:36 (1819 turns).

karlkraus the Sneak (Octopode Monk)                 Turns: 1819, Time: 00:04:36

Health: -4/37      AC:  1    Str: 12    XL:     5   Next: 26%
Magic:  0/5        EV: 13    Int: 12    God:
Gold:   136        SH:  0    Dex: 14    Spells: 0 memorised, 4 levels left

rFire  . . .     SeeInvis .       - Unarmed
rCold  . . .     Clarity  .     (no shield)
rNeg   . . .     SustAt   .     (helmet restricted)
rPois  .         Gourm    .     l - amulet of guardian spirit
rElec  .         Spirit   +     (no ring)
rCorr  .         Warding  .     (no ring)
rMut   .         Stasis   .     (no ring)
MR     .....                    (no ring)
Stlth  ++++......               (no ring)
                                (no ring)
                                (no ring)
                                (no ring)

@: not resistant to hostile enchantments, stealthy
A: almost no armour, amphibious, 8 rings, constrict 8, camouflage 1, gelatinous
body 1
a: no special abilities


You were on level 2 of the Dungeon.
You were near starving.

You visited 1 branch of the dungeon, and saw 2 of its levels.

You collected 136 gold pieces.

Inventory:

Jewellery
 l - an amulet of guardian spirit (around mantle)
Scrolls
 b - 2 scrolls of enchant armour {unknown}
 c - 2 scrolls of remove curse {unknown}
 d - a scroll of fear {unknown}
 f - 2 scrolls of teleportation {unknown}
 k - a scroll of identify {unknown}
 m - a scroll of noise {unknown}
Potions
 e - a potion of lignification {unknown}
 g - 3 potions of heal wounds {unknown}
 i - a potion of degeneration {unknown}
 j - a potion of brilliance {unknown}
Comestibles
 a - 2 bread rations
 h - a beef jerky


   Skills:
 + Level 3.7 Fighting
 + Level 3.6 Dodging
 + Level 5.0 Stealth
 + Level 4.6 Unarmed Combat


You had 4 spell levels left.
You didn't know any spells.

Dungeon Overview and Level Annotations

Branches:
Dungeon (2/15)

Altars:


Innate Abilities, Weirdness & Mutations

You cannot wear most types of armour.
You are amphibious.
You can wear up to eight rings at the same time.
You can use your tentacles to constrict eight enemies at once.
Your skin changes colour to match your surroundings (Stealth).
Your rubbery body absorbs attacks (AC +1).


Message History

The gnoll closely misses you. The gnoll hits you with a whip.
You tentacle-slap the gnoll.
You kill the gnoll!
Your Stealth skill increases to level 5!
The gnoll misses you. The gnoll hits you with a spear!
* * * LOW HITPOINT WARNING * * *
You are too injured to fight recklessly!
You are too injured to fight recklessly!
You are too injured to fight recklessly!
The gnoll closely misses you.
Things that are here:
a whip; a gnoll corpse The gnoll closely misses you.
The gnoll misses you.
The gnoll hits you from afar with a spear!
* * * LOW HITPOINT WARNING * * *
You see here 20 stones.
The gnoll hits you from afar with a spear!
You die...

###....................# ##
##...######......#.....##
.########..#####.....###.##...##
....#......<...#.##### #.....##
............(....# ###...###
##...............# ##.#...##
#......##........### ##...>...#
...............# #.
.#.##..................# ##


You could see a gnoll.

Vanquished Creatures
  Crazy Yiuf (D:2)
  Ijyb (D:2)
  2 gnolls (D:2)
  2 adders (D:2)
  A worm (D:2)
  2 giant geckos (D:2)
  3 ball pythons
  6 bats
  3 giant cockroaches
  5 hobgoblins
  9 kobolds
  3 giant newts
  2 goblins
  2 jackals (D:2)
  4 rats (D:2)
  4 bushes (D:2)
  2 plants (D:2)
52 creatures vanquished.

Vanquished Creatures (others)
  A plant (D:2)
1 creature vanquished.

Grand Total: 53 creatures vanquished

Notes
Turn   | Place    | Note
--------------------------------------------------------------
     0 | D:1      | karlkraus the Octopode Monk began the quest for the Orb.
     0 | D:1      | Reached XP level 1. HP: 16/16 MP: 1/1
   101 | D:1      | Reached XP level 2. HP: 17/21 MP: 2/2
   451 | D:2      | Reached XP level 3. HP: 23/26 MP: 3/3
   560 | D:2      | Noticed Ijyb
   578 | D:2      | Killed Ijyb
   578 | D:2      | Reached XP level 4. HP: 9/31 MP: 4/4
  1220 | D:2      | Noticed Crazy Yiuf
  1228 | D:2      | Killed Crazy Yiuf
  1228 | D:2      | Reached XP level 5. HP: 25/36 MP: 3/5
  1795 | D:2      | Reached skill level 5 in Stealth
  1819 | D:2      | Slain by a gnoll

Vault maps used:
D:1:      saegor_arrival_simple_b
D:2:      st_stairs_14, lexackson_kobold_supper, uniq_iyjb,
          uniq_crazy_yiuf_cottage

Action                   |  1- 3 |  4- 6 || total
-------------------------+-------+-------++-------
Melee: Unarmed           |    54 |   385 ||   439
 Stab: Sleeping          |     9 |     1 ||    10
       Distracted        |       |     2 ||     2
  Eat: Chunk             |       |     2 ||     2
